 Dungeon Crawl Stone Soup version 0.20-a0-1122-gb7cbeb9 (webtiles) character file.

121 polly the Bolt Thrower (level 5, -2/39 HPs)
             Began as a Gnoll Arcane Marksman on May 15, 2017.
             Slain by a gnoll
             ... wielding a +0 whip
              (9 damage)
             ... on level 3 of the Dungeon.
             The game lasted 00:06:19 (1759 turns).

polly the Bolt Thrower (Gnoll Arcane Marksman)      Turns: 1759, Time: 00:06:20

Health: -2/39      AC:  6    Str: 11    XL:     5   Next: 5%
Magic:  8/8        EV: 12    Int: 13    God:
Gold:   86         SH:  0    Dex: 14    Spells: 8/9 levels left

rFire    . . .     SeeInvis .   a - +0 hand crossbow
rCold    . . .     Gourm    .   (no shield)
rNeg     . . .     Faith    .   l - +0 ring mail
rPois    .         Spirit   .   (no helmet)
rElec    .         Reflect  .   (no cloak)
rCorr    .         Harm     .   (no gloves)
MR       .....                  b - +0 pair of boots
Stlth    +.........             (no amulet)
Regen    0.2/turn               (no ring)
MPRegen  0.2/turn               (no ring)

@: no status effects
A: short attention span, fangs 1, strong nose
a: no special abilities


You were on level 3 of the Dungeon.
You were hungry.

You visited 1 branch of the dungeon, and saw 3 of its levels.

You collected 86 gold pieces.

Inventory:

Hand Weapons
 a - a +0 hand crossbow (weapon)
 o - a +0 dagger
 q - a +0 mace
Missiles
 d - 10 bolts (quivered)
Armour
 b - a +0 pair of boots (worn)
 l - a +0 ring mail (worn)
Jewellery
 p - a +3 amulet of reflection {unknown}
Scrolls
 e - 3 scrolls of enchant weapon {unknown}
 g - 2 scrolls of teleportation {unknown}
 h - a scroll of amnesia {unknown}
 i - 2 scrolls of identify {unknown}
 k - a scroll of noise {unknown}
Books
 c - a book of Debilitation

   Spells                             Type                      Level
   a - Corona                         Hexes                        1
   b - Slow                           Hexes                        2
   c - Inner Flame                    Hexes/Fire                   3
   d - Portal Projectile              Hexes/Translocation          3
   e - Cause Fear                     Hexes                        4
   f - Leda's Liquefaction            Hexes/Earth                  4
Comestibles
 f - a bread ration
 m - 2 fruits
 n - a royal jelly


   Skills:
 + Level 2.6 Fighting
 + Level 6.2 Crossbows
 * Level 2.1 Armour
 + Level 4.0 Dodging
 + Level 0.4 Stealth
 * Level 2.5 Spellcasting
 + Level 5.2 Hexes


You had 8 spell levels left.
You knew the following spells:

 Your Spells              Type           Power        Failure   Level  Hunger
a - Corona                Hex            ###....      6%          1    #......


Dungeon Overview and Level Annotations

Branches:
Dungeon (3/15)

Altars:
Kikubaaqudgha
The Shining One


Innate Abilities, Weirdness & Mutations

You have a short attention span.
You have very sharp teeth.
Your uncanny sense of smell can sniff out nearby items.


Message History

Firing (i - inventory):
d - 13 bolts (quivered)
Press: ? - help, Shift-Dir - straight line, f - gnoll
Aim: a gnoll, wielding a whip You shoot a bolt.
The bolt hits the gnoll.
The gnoll is lightly wounded.
The gnoll closely misses you.
Firing (i - inventory):
d - 12 bolts (quivered)
Press: ? - help, Shift-Dir - straight line, f/p - gnoll
Aim: a gnoll, wielding a whip (lightly wounded)
You shoot a bolt.
The bolt hits the gnoll but does no damage.
The gnoll is lightly wounded.
The gnoll hits you but does no damage.
Firing (i - inventory):
d - 11 bolts (quivered)
Press: ? - help, Shift-Dir - straight line, f/p - gnoll
Aim: a gnoll, wielding a whip (lightly wounded)
You shoot a bolt. The bolt hits the gnoll.
The gnoll is heavily wounded.
The gnoll hits you with a whip!
You die...

∆ ###### ## ....###.....
###. ........##.# ######
#$.. ..... #....###....#
###g#P
....##.##.g)(.##.####...#P
.....#.##@######g##...###.
#...##.#####.g.........
#......##...#.......P.
##.#....g...........P#
#.#######...........#
#g#######?..........#
#g...................
#.$.........#...>..[.
####...g######.###.###..


You could see a gnoll.

Vanquished Creatures
  3 gnolls (D:3)
  3 adders
  A dart slug (D:2)
  2 leopard geckos
  An orc (D:3)
  2 giant cockroaches (D:1)
  10 goblins
  9 hobgoblins
  4 jackals
  4 kobolds
  2 quokkas (D:2)
  10 bats
  2 frilled lizards (D:1)
  3 rats
56 creatures vanquished.

Notes
Turn   | Place    | Note
-------+----------+-------------------------------------------
     0 | D:1      | polly the Gnoll Arcane Marksman began the quest for the Orb.
     0 | D:1      | Reached XP level 1. HP: 16/16 MP: 3/3
    67 | D:1      | Reached skill level 5 in Hexes
   103 | D:1      | Reached XP level 2. HP: 22/22 MP: 4/4
   128 | D:1      | Reached skill level 4 in Crossbows
   156 | D:1      | Reached XP level 3. HP: 11/27 MP: 5/5
   765 | D:2      | Reached skill level 1 in Armour
   851 | D:2      | Reached skill level 5 in Crossbows
   872 | D:2      | Reached XP level 4. HP: 33/33 MP: 6/6
  1401 | D:2      | Reached skill level 6 in Crossbows
  1456 | D:2      | Found a glowing golden altar of the Shining One.
  1664 | D:3      | Found an ancient bone altar of Kikubaaqudgha.
  1743 | D:3      | HP: 1/33 [gnoll/spear (4)]
  1752 | D:3      | Reached XP level 5. HP: 7/39 MP: 8/8
  1759 | D:3      | Slain by a gnoll

Vault maps used:
D:1:      evilmike_arrival_crescent
D:2:      tso_metal_star
D:3:      kiku_gazebo_garden_becter, lemuel_round_altar, uniq_terence,
          uniq_jessica, uniq_grinder

Skill      XL: |  1  2  3  4 |
---------------+-------------+-----
Hexes          | 5 |  5.2
Crossbows      | 4 5 6 |  6.2
Dodging        | 4 |  4.0
Armour         | 1 2 |  2.1
Fighting       | 2 |  2.6
Spellcasting   | 2 |  2.5
Stealth        | |  0.4

Action                   |  1- 3 |  4- 6 || total
-------------------------+-------+-------++-------
Melee: Hand crossbow     |       |    17 ||    17
       Mace              |       |     7 ||     7
       Dagger            |       |     4 ||     4
       Bite              |       |     2 ||     2
 Fire: Hand crossbow     |    81 |    54 ||   135
  Use: Potion            |     1 |     1 ||     2
  Eat: Chunk             |       |     2 ||     2
Armor: Robe              |     7 |       ||     7
       Ring mail         |       |    33 ||    33
Dodge: Dodged            |    34 |    64 ||    98
